 Dungeon Sprint DCSS version 0.27.1-33-g824d729ab1 (webtiles) character file.

Game seed: 8489589690489416303

1496 Adenis the Basher (level 8, -1/132 HPs)
             Began as a Minotaur Berserker on Dec 6, 2021.
             Was an Elder of Trog.
             Slain by a demonic crawler (11 damage)
             ... in the Dungeon (Sprint I: "Red Sonja").
             The game lasted 00:01:27 (1009 turns).

Adenis the Basher (Minotaur Berserker)              Turns: 1009, Time: 00:01:28

Health: -1/132     AC:  2    Str: 25    XL:     8   Next: 51%
Magic:  7/7        EV: 13    Int:  4    God:    Trog [****..]
Gold:   405        SH:  0    Dex:  9    Spells: 7/7 levels left

rFire    . . .     SeeInvis .   a - +0 mace
rCold    . . .     Faith    .   (no shield)
rNeg     . . .     Spirit   .   b - +0 animal skin
rPois    .         Reflect  .   (helmet restricted)
rElec    .         Harm     .   (no cloak)
rCorr    .         Rampage  .   (no gloves)
Will     .....     NoTele   +   (no boots)
Stlth    ..........             (no amulet)
HPRegen  0.32/turn              (no ring)
MPRegen  0.10/turn              (no ring)

@: berserking, very quick
A: horns 2, retaliatory headbutt
a: Renounce Religion, Berserk, Trog's Hand, Brothers in Arms


You were in the Dungeon.
You worshipped Trog.
Trog was greatly pleased with you.
You visited 1 branch You collected 405 gold pieces.

Inventory:

Hand Weapons
 a - a +0 mace (weapon)
Armour
 b - a +0 animal skin (worn)
Scrolls
 h - a scroll of blinking
 i - a scroll of identify {unknown}
Potions
 c - a potion of curing
 d - a potion of heal wounds
 e - a potion of haste
 f - 2 potions of magic
 g - a potion of berserk rage


   Skills:
 + Level 13.7 Fighting
 + Level 14.5 Maces & Flails
 + Level 7.5 Armour
 + Level 7.2 Dodging
 + Level 1.3 Stealth


You had 7 spell levels left.
You didn't know any spells.
Your spell library was empty.

Dungeon Overview and Level Annotations

Branches:
Dungeon (1/1)

Altars:
Cheibriados
Dithmenos
Elyvilon
Fedhas
Gozag
Hepliaklqana
Kikubaaqudgha
Makhleb
Nemelex Xobeh
Okawaru
Qazlal
Ru
Sif Muna
Trog
Uskayaw
Vehumet
Wu Jian
Xom
Yredelemnul
Zin
The Shining One
Jiyva
Lugonu

Shops:
D (


Innate Abilities, Weirdness & Mutations

You have a pair of horns on your head.
You reflexively headbutt those who attack you in melee.


Message History

The demonic crawler is severely wounded.
The demonic crawler hits you! The demonic crawler closely misses you.
The demonic crawler hits you. The demonic crawler hits you!
The demonic crawler hits you. The demonic crawler hits you!
You sock the demonic crawler!
You kill the demonic crawler!
Trog accepts your kill. The demonic crawler barely misses you.
The demonic crawler closely misses you. The demonic crawler hits you!
Your Dodging skill increases to level 7!
You hit the demonic crawler.
The demonic crawler is lightly wounded.
You hit the demonic crawler but do no damage.
The demonic crawler is lightly wounded.
The demonic crawler closely misses you. You furiously retaliate!
You headbutt the demonic crawler! The demonic crawler barely misses you.
The demonic crawler hits you. The demonic crawler barely misses you.
The demonic crawler completely misses you.
The demonic crawler barely misses you.
You barely miss the demonic crawler.
Your headbutt misses the demonic crawler.
The demonic crawler is lightly wounded.
The demonic crawler hits you!
* * * LOW HITPOINT WARNING * * *
The demonic crawler hits you.
* * * LOW HITPOINT WARNING * * *
The demonic crawler hits you.
* * * LOW HITPOINT WARNING * * *
You sock the demonic crawler!
The demonic crawler is heavily wounded.
The demonic crawler hits you.
* * * LOW HITPOINT WARNING * * *
The demonic crawler closely misses you. The demonic crawler hits you!
* * * LOW HITPOINT WARNING * * *
You hit the demonic crawler.
The demonic crawler is heavily wounded.
The demonic crawler hits you!
* * * LOW HITPOINT WARNING * * *
The demonic crawler closely misses you. The demonic crawler hits you!
You die...

##################
.#.)'..#__#..')..#
.'..#..'..'..#).s##+#
'#####'#__####..@ss.#
.#...#[#### #####..+
##..##.# ## _##'#_.+
..'..._# _##_.#+#
_###+# ##


You could see 3 demonic crawlers.

Vanquished Creatures
  2 kobold demonologists (D)
  A demonic crawler (D)
  A slime creature (D)
  Sigmund (D)
  A yak (D)
  A floating eye (D)
  An ogre (D)
  A jelly (D)
  Ijyb (D)
10 creatures vanquished.

Vanquished Creatures (others)
  A gargoyle (D)
1 creature vanquished.

Grand Total: 11 creatures vanquished

Notes
Turn   | Place    | Note
-------+----------+-------------------------------------------
     0 | D        | Adenis the Minotaur Berserker began the quest for the Orb.
     0 | D        | Reached XP level 1. HP: 19/19 MP: 0/0
     2 | D        | Noticed Ijyb
     4 | D        | Killed Ijyb
     5 | D        | Reached skill level 5 in Fighting
     5 | D        | Reached skill level 5 in Maces & Flails
     5 | D        | Reached XP level 2. HP: 29/29 MP: 1/1
   138 | D        | Noticed an ogre
   144 | D        | Killed an ogre
   145 | D        | Reached skill level 7 in Maces & Flails
   145 | D        | Reached XP level 3. HP: 40/40 MP: 2/2
   145 | D        | Reached XP level 4. HP: 48/48 MP: 3/3
   197 | D        | Noticed Sigmund
   209 | D        | Killed Sigmund
   209 | D        | Reached ** piety under Trog
   210 | D        | Reached skill level 10 in Maces & Flails
   210 | D        | Reached skill level 5 in Armour
   210 | D        | Reached XP level 5. HP: 58/58 MP: 4/4
   210 | D        | Reached XP level 6. HP: 66/66 MP: 5/5
   262 | D        | Found an ornate altar of the Wu Jian Council.
   262 | D        | Found a shimmering blue altar of Sif Muna.
   264 | D        | Found a radiant altar of Vehumet.
   269 | D        | Reached skill level 10 in Fighting
   279 | D        | Found Saorei's Weapon Emporium.
   279 | D        | Found an ancient bone altar of Kikubaaqudgha.
   279 | D        | Found a hazy altar of Hepliaklqana.
   279 | D        | Found a stormy altar of Qazlal.
   279 | D        | Found a hide-covered altar of Uskayaw.
   279 | D        | Found a blossoming altar of Fedhas.
   279 | D        | Found a bloodstained altar of Trog.
   279 | D        | Found an iron altar of Okawaru.
   279 | D        | Found a basalt altar of Yredelemnul.
   279 | D        | Found a glowing golden altar of the Shining One.
   279 | D        | Found a snail-covered altar of Cheibriados.
   279 | D        | Found a sacrificial altar of Ru.
   279 | D        | Found a glowing silver altar of Zin.
   279 | D        | Found a shadowy altar of Dithmenos.
   279 | D        | Found a white marble altar of Elyvilon.
   279 | D        | Noticed a yak
   285 | D        | Killed a yak
   286 | D        | Reached skill level 11 in Maces & Flails
   286 | D        | Reached skill level 5 in Dodging
   286 | D        | Found an opulent altar of Gozag.
   432 | D        | Found a sparkling altar of Nemelex Xobeh.
   473 | D        | Found a burning altar of Makhleb.
   473 | D        | Found a viscous altar of Jiyva.
   473 | D        | Found a shimmering altar of Xom.
   473 | D        | Found a corrupted altar of Lugonu.
   473 | D        | Noticed a slime creature
   478 | D        | Killed a slime creature
   479 | D        | Reached skill level 12 in Maces & Flails
   479 | D        | Reached skill level 1 in Stealth
   479 | D        | Reached XP level 7. HP: 75/75 MP: 6/6
   538 | D        | Noticed a kobold demonologist
   538 | D        | Noticed a kobold demonologist
   541 | D        | Noticed a red devil
   541 | D        | Paralysed by a floating eye for 3 turns
   546 | D        | Reached *** piety under Trog
   551 | D        | Killed a kobold demonologist
   552 | D        | Reached skill level 13 in Maces & Flails
   552 | D        | Reached XP level 8. HP: 16/85 MP: 7/7
   556 | D        | Killed a kobold demonologist
   556 | D        | Reached **** piety under Trog
   557 | D        | Reached skill level 14 in Maces & Flails
   887 | D        | Killed a gargoyle
   998 | D        | Noticed a demonic crawler
   998 | D        | Noticed a demonic crawler
   998 | D        | Noticed a demonic crawler
   998 | D        | Noticed a demonic crawler
  1004 | D        | Killed a demonic crawler
  1009 | D        | Slain by a demonic crawler

Illustrated notes

Levels and vault maps discovered:
D:        dungeon_sprint_1 [red_sonja_temple_1, red_sonja_temple_small_1]

Skill      XL: |  1  2  3  4  5  6  7  8 |
---------------+-------------------------+-----
Fighting       | 5 7 9 11 12 13 | 13.7
Maces & Flails | 5 7 10 12 13 14 | 14.5
Armour         | 3 4 5 6 7 |  7.5
Dodging        | 3 4 5 6 7 |  7.2
Stealth        | 1 |  1.3

Action                   |  1- 3 |  4- 6 |  7- 9 || total
-------------------------+-------+-------+-------++-------
Melee: Mace              |     6 |    21 |    23 ||    50
       Headbutt          |     2 |     4 |     4 ||    10
Invok: Berserk           |     2 |     3 |     2 ||     7
Armor: Animal skin       |       |     1 |     1 ||     2
Dodge: Dodged            |     1 |     7 |    27 ||    35
